 Dungeon Crawl Stone Soup version 0.21.1-1-g345015fe64 (webtiles) character file.

12161 Revguard the Carver (level 11, -4/95 HPs)
             Began as a Minotaur Gladiator on June 27, 2018.
             Was a High Priest of Okawaru.
             Slain by Donald
             ... wielding a +0 broad axe
              (14 damage)
             ... on level 2 of the Orcish Mines.
             The game lasted 00:58:40 (10518 turns).

Revguard the Carver (Minotaur Gladiator)           Turns: 10518, Time: 00:58:46

Health: -4/95      AC: 32    Str: 20    XL:     11   Next: 58%
Magic:  13/13      EV:  5    Int:  5    God:    Okawaru [*****.]
Gold:   981        SH:  0    Dex: 16    Spells: 10/10 levels left

rFire    . . .     SeeInvis +   l - +6 great sword (slice)
rCold    + . .     Gourm    .   (shield currently unavailable)
rNeg     . . .     Faith    .   C - +2 crystal plate armour
rPois    .         Spirit   .   v - +1 hat
rElec    .         Reflect  .   (no cloak)
rCorr    .         Harm     .   (no gloves)
MR       .....                  r - +1 pair of boots
Stlth    ..........             (no amulet)
HPRegen  0.25/turn              K - +3 ring of protection
MPRegen  0.13/turn              I - +2 ring of dexterity

@: very slightly contaminated, heavily drained
A: retaliatory headbutt, horns 2, icy blue scales 1, yellow scales 1, see
invisible, cold resistance 1
a: Heroism, Finesse, Renounce Religion


You were on level 2 of the Orcish Mines.
You worshipped Okawaru.
Okawaru was extremely pleased with you.
You were not hungry.

You visited 3 branches of the dungeon, and saw 12 of its levels.
You also visited: Sewer and Ossuary.

You collected 981 gold pieces.

Inventory:

Hand Weapons
 l - a +6 great sword of slicing (weapon)
Missiles
 d - a throwing net
 m - 11 tomahawks
 t - 4 javelins of penetration
 w - 3 poisoned tomahawks (quivered)
Armour
 r - a +1 pair of boots (worn)
 v - a +1 hat (worn)
 C - a +2 crystal plate armour (worn)
Jewellery
 c - an uncursed ring of wizardry
 I - a +2 ring of dexterity (right hand)
 K - a +3 ring of protection (left hand)
Wands
 o - a wand of disintegration (5)
 x - a wand of enslavement (7)
 y - a wand of scattershot (3)
 F - a wand of flame (21)
Scrolls
 e - 2 scrolls of blinking
 g - 4 scrolls of fear
 h - 3 scrolls of amnesia
 j - 9 scrolls of teleportation
 n - 4 scrolls of remove curse
 A - a scroll of magic mapping
Potions
 i - 3 potions of curing
 k - 6 potions of mutation
 p - 3 potions of brilliance
 q - a potion of agility
 u - 4 potions of haste
 B - a potion of magic
 D - 2 potions of flight
 E - a potion of degeneration
 G - a potion of lignification
Books
 z - a book of Cantrips

   Spells                             Type                      Level
   a - Confusing Touch                Hexes                        1
   b - Animate Skeleton               Necromancy                   1
   c - Summon Small Mammal            Summoning                    1
   d - Apportation                    Translocation                1
Comestibles
 f - 25 rations


   Skills:
 + Level 8.6(6.5) Fighting
 + Level 13.2(10.8) Long Blades
 - Level 2.4(0.6) Throwing
 * Level 11.2(8.9) Armour
 - Level 6.1(4.1) Dodging
 - Level 0.1(0.0) Stealth
 + Level 5.0(3.1) Invocations
 + Level 5.2(3.2) Evocations


You had 10 spell levels left.
You didn't know any spells.

Dungeon Overview and Level Annotations

Branches:
Dungeon (9/15)             Temple (1/1) D:5             Orc (2/2) D:9
   Lair: D:8-11         Elf: Orc:2

Altars:
Ashenzari
Cheibriados
Dithmenos
Elyvilon
Fedhas
Gozag
Hepliaklqana
Kikubaaqudgha
Makhleb
Nemelex Xobeh
Okawaru
Qazlal
Ru
Sif Muna
Trog
Uskayaw
Vehumet
Wu Jian
Xom
Yredelemnul
Zin
The Shining One
Beogh

Shops:
D:9 =

Annotations:
Orc:2 Donald


Innate Abilities, Weirdness & Mutations

You reflexively headbutt those who attack you in melee.
You have a pair of horns on your head.
You are partially covered in icy blue scales. (AC +2)
You are partially covered in yellow scales. (AC +2)
You have supernaturally acute eyesight. (SInv)
Your flesh is cold resistant. (rC+)


Message History

The orc wizard blinks!
Donald blocks your attack.
Donald is moderately wounded.
Donald sighs.
Donald hits you but does no damage.
Donald says, "And you think you've got it bad..."
Donald hits you with a broad axe! Donald blocks your attack. x2
Donald is moderately wounded.
Donald hits you with a broad axe!!
* * * LOW HITPOINT WARNING * * *
The orc wizard hits you but does no damage.
As you read the scroll of fear, it crumbles to dust.
You assume a fearsome visage.
The orc wizard looks frightened!
Donald resists with some effort.
The orc warrior looks frightened!
The orc looks frightened! x2; The orc warrior looks frightened!
The orc looks frightened! x3
The orc wizard gestures wildly while chanting.
The orc wizard blinks!
Donald hits you with a broad axe!
You die...

##..#....†).........
##)....................
#.)......).............
##........).)..........
#.......).)...<........
##.#......)............
##....................
#.................._.o
#............#@§.......
...#.#.#....##@#.......
.#####..)..#..o#......
##..).##oo......##
##....##o.......##
#.......o........#
##.#....oo#.....#
#.##....).#.....#.
#..................


You could see Donald, 2 orc warriors, an orc wizard (fleeing) and 5 orcs.

Vanquished Creatures
  Nessos (Orc:2)
  Erolcha (Orc:1)
  2 two-headed ogres
  Sonja (Orc:2)
  An orc sorcerer (Orc:2)
  Joseph (D:8)
  Grinder (D:6)
  A hippogriff (D:8)
  A wyvern (D:9)
  A human (D:7)
  A yak (D:9)
  4 hogs (D:7)
  A steam dragon (D:9)
  2 wargs (Orc:2)
  Edmund (D:4)
  A water moccasin (D:9)
  16 orc warriors
  A hornet zombie (D:9)
  4 sky beasts
  2 ice beasts
  4 ogres
  3 black bears
  5 phantoms
  2 centaurs
  An elf zombie (Ossuary)
  Blork the orc (D:4)
  2 bullfrogs (D:9)
  A scorpion (D:3)
  6 howler monkeys
  7 crimson imps
  2 quasits
  2 hounds
  A human zombie (Ossuary)
  4 jellies
  13 orc priests
  22 orc wizards
  3 centaur skeletons
  An iguana (D:7)
  Ijyb (D:4)
  Natasha (D:3)
  4 worker ants
  A hound zombie (D:6)
  2 hound skeletons
  4 mummies (Ossuary)
  2 worker ant zombies (D:7)
  11 adders
  2 howler monkey skeletons
  2 shadow imps
  An ooze (D:2)
  An adder skeleton (D:4)
  3 adder zombies
  A dart slug (D:1)
  6 leopard geckos
  54 orcs
  4 bats
  8 giant cockroaches
  3 gnoll zombies (Ossuary)
  5 goblins
  7 hobgoblins
  12 jackals
  9 kobolds
  7 quokkas
  7 ball pythons
  9 frilled lizards
  A goblin zombie (Ossuary)
  A hobgoblin zombie (Ossuary)
  A jackal zombie (Ossuary)
  A kobold zombie (Ossuary)
  A leopard gecko skeleton (D:4)
  A leopard gecko zombie (D:5)
  9 rats
  A rat zombie (Ossuary)
307 creatures vanquished.

Vanquished Creatures (others)
  An ogre (Orc:1)
  A hound (D:9)
  An orc (Orc:1)
3 creatures vanquished.

Grand Total: 310 creatures vanquished

Notes
Turn   | Place    | Note
-------+----------+-------------------------------------------
     0 | D:1      | Revguard the Minotaur Gladiator began the quest for the Orb.
     0 | D:1      | Reached XP level 1. HP: 18/18 MP: 0/0
    95 | D:1      | Reached XP level 2. HP: 20/25 MP: 1/1
   189 | D:1      | Reached skill level 4 in Long Blades
   557 | D:2      | Reached skill level 1 in Armour
   583 | D:2      | Reached XP level 3. HP: 28/30 MP: 2/2
  1507 | D:3      | Noticed a scorpion
  1515 | D:3      | Killed a scorpion
  1515 | D:3      | Reached XP level 4. HP: 38/38 MP: 3/3
  1619 | D:3      | Reached XP level 5. HP: 37/45 MP: 4/4
  1805 | D:3      | Noticed Natasha
  1814 | D:3      | Killed Natasha
  1814 | D:3      | Reached skill level 5 in Long Blades
  1891 | D:4      | Noticed Ijyb
  1905 | D:4      | Killed Ijyb
  2183 | D:4      | Gained mutation: You have supernaturally acute eyesight. (SInv) [potion of mutation]
  2183 | D:4      | Gained mutation: You are partially covered in icy blue scales. (AC +2) [potion of mutation]
  2183 | D:4      | Gained mutation: Your flesh is cold resistant. (rC+) [potion of mutation]
  2183 | D:4      | Gained mutation: You are partially covered in yellow scales. (AC +2) [potion of mutation]
  2218 | D:4      | Noticed Edmund
  2233 | D:4      | Killed Edmund
  2233 | D:4      | Reached XP level 6. HP: 47/52 MP: 5/5
  2255 | D:4      | Noticed Blork the orc
  2260 | D:4      | Killed Blork the orc
  2260 | D:4      | Reached skill level 1 in Evocations
  2768 | D:5      | Entered Level 5 of the Dungeon
  2810 | D:5      | Found a glowing drain.
  2829 | Sewer    | Entered a sewer
  2946 | Sewer    | Reached skill level 6 in Long Blades
  3531 | D:5      | Reached XP level 7. HP: 31/59 MP: 7/7
  3749 | D:5      | Reached skill level 5 in Armour
  3759 | D:5      | Found a stormy altar of Qazlal.
  4040 | D:5      | Found a staircase to the Ecumenical Temple.
  4080 | Temple   | Entered the Ecumenical Temple
  4426 | Temple   | Became a worshipper of Warmaster Okawaru
  4896 | D:6      | Found a sparkling altar of Nemelex Xobeh.
  4909 | D:6      | Found a snail-covered altar of Cheibriados.
  4911 | D:6      | Found a hazy altar of Hepliaklqana.
  4914 | D:6      | Found a glowing golden altar of the Shining One.
  4918 | D:6      | Found a shimmering altar of Xom.
  4918 | D:6      | Found a deep blue altar of Sif Muna.
  4918 | D:6      | Found a burning altar of Makhleb.
  5123 | D:6      | Reached skill level 7 in Long Blades
  5390 | D:6      | Reached XP level 8. HP: 56/67 MP: 8/8
  5420 | D:6      | Reached skill level 1 in Invocations
  5428 | D:6      | Reached * piety under Okawaru
  5428 | D:6      | Reached skill level 5 in Dodging
  5810 | D:6      | Noticed Grinder
  5812 | D:6      | Paralysed by Grinder for 5 turns
  5827 | D:6      | Killed Grinder
  5827 | D:6      | Reached skill level 8 in Long Blades
  5975 | D:7      | Found a sand-covered staircase.
  5992 | Ossuary  | Entered an ossuary
  6047 | Ossuary  | Reached skill level 5 in Fighting
  6240 | D:7      | Reached ** piety under Okawaru
  6240 | D:7      | Reached XP level 9. HP: 49/74 MP: 10/10
  6256 | D:7      | Reached skill level 9 in Long Blades
  6698 | D:7      | Found a sacrificial altar of Ru.
  6842 | D:7      | Reached *** piety under Okawaru
  7141 | D:8      | Found a hide-covered altar of Uskayaw.
  7170 | D:8      | Reached skill level 10 in Long Blades
  7190 | D:8      | Noticed a two-headed ogre
  7205 | D:8      | Killed a two-headed ogre
  7205 | D:8      | Reached **** piety under Okawaru
  7205 | D:8      | Reached XP level 10. HP: 37/83 MP: 12/12
  7245 | D:8      | Noticed Joseph
  7262 | D:8      | Killed Joseph
  8205 | D:8      | Reached skill level 11 in Long Blades
  8510 | D:9      | Found Extal's Jewellery Emporium.
  8518 | D:9      | Noticed a two-headed ogre
  8534 | D:9      | Killed a two-headed ogre
  8534 | D:9      | Received a gift from Okawaru
  8536 | D:9      | Reached ***** piety under Okawaru
  8664 | D:9      | Reached skill level 10 in Armour
  8814 | D:9      | Found a shimmering altar of Xom.
  8843 | D:9      | Found a shattered altar of Ashenzari.
  9112 | D:9      | Found a staircase to the Orcish Mines.
  9180 | D:9      | Reached skill level 12 in Long Blades
  9203 | D:9      | Received a gift from Okawaru
  9203 | D:9      | Reached XP level 11. HP: 92/92 MP: 13/13
  9436 | Orc:1    | Entered Level 1 of the Orcish Mines
  9436 | Orc:1    | Noticed Erolcha
  9460 | Orc:1    | Killed Erolcha
  9714 | Orc:1    | Found a roughly hewn altar of Beogh.
  9896 | Orc:2    | Entered Level 2 of the Orcish Mines
  9896 | Orc:2    | Noticed Nessos
  9928 | Orc:2    | Killed Nessos
  9928 | Orc:2    | Reached skill level 5 in Invocations
  9928 | Orc:2    | Reached skill level 5 in Evocations
  9937 | Orc:2    | Noticed Sonja
  9945 | Orc:2    | Killed Sonja
  9945 | Orc:2    | Reached skill level 13 in Long Blades
 10456 | Orc:2    | Noticed an orc sorcerer
 10461 | Orc:2    | Paralysed by an orc sorcerer for 2 turns
 10464 | Orc:2    | Killed an orc sorcerer
 10464 | Orc:2    | Received a gift from Okawaru
 10495 | Orc:2    | Noticed Donald
 10509 | Orc:2    | Found a roughly hewn altar of Beogh.
 10518 | Orc:2    | Slain by Donald

Skill      XL: |  1  2  3  4  5  6  7  8  9 10 11 |
---------------+----------------------------------+-----
Long Blades    | 4 5 6 7 8 10 12 13 | 13.2
Armour         | 1 2 3 4 5 7 8 10 11 | 11.2
Fighting       | 3 4 5 6 7 8 |  8.6
Dodging        | 4 5 6 |  6.1
Evocations     | 1 2 3 4 5 |  5.2
Invocations    | 2 4 5 |  5.0
Throwing       | |  2.4
Stealth        | |  0.1

Action                   |  1- 3 |  4- 6 |  7- 9 | 10-12 || total
-------------------------+-------+-------+-------+-------++-------
Melee: Long sword        |    61 |   144 |   332 |   472 ||  1009
       Headbutt          |     9 |    24 |    91 |   128 ||   252
       Punch             |       |       |     1 |       ||     1
       Great sword       |       |       |       |     5 ||     5
Throw: Throwing net      |       |       |     3 |     1 ||     4
       Javelin           |       |       |       |     6 ||     6
       Tomahawk          |       |       |       |     2 ||     2
Invok: Heroism           |       |       |     2 |     2 ||     4
       Finesse           |       |       |       |     1 ||     1
Evoke: Wand              |       |       |       |    20 ||    20
  Use: Scroll            |       |     7 |     1 |    21 ||    29
       Potion            |       |     1 |     5 |    10 ||    16
 Stab: Held in net/web   |       |       |       |     1 ||     1
  Eat: Chunk             |     2 |     2 |     3 |     5 ||    12
       Ration            |       |     1 |     3 |     2 ||     6
Armor: Leather armour    |     8 |       |       |       ||     8
       Scale mail        |     6 |    69 |   188 |    22 ||   285
       Crystal plate arm |       |       |       |   302 ||   302
Dodge: Dodged            |    50 |    94 |   225 |   155 ||   524
       Rpst.: Long sword |    13 |    33 |    65 |    35 ||   146
